 Dungeon Crawl Stone Soup version 0.24.0-123-gd5b16e6ec5 (webtiles) character file.

Game seed: 5194325097063603798, levelgen mode: deterministic

1003 mortelune the Firebug (level 8, -8/46 HPs)
             Began as a Gargoyle Fire Elementalist on Jan 11, 2020.
             Splashed by a crimson imp's acid (18 damage)
             ... on level 6 of the Dungeon.
             The game lasted 00:12:22 (7359 turns).

mortelune the Firebug (Gargoyle Fire Elementalist)  Turns: 7359, Time: 00:12:22

Health: -8/46      AC:  5    Str: 12    XL:     8   Next: 20%
Magic:  15/15      EV: 12    Int: 22    God:
Gold:   118        SH:  0    Dex: 10    Spells: 6/16 levels left

rFire    . . .     SeeInvis .   t - +2 halberd (flame)
rCold    . . .     Gourm    .   (shield currently unavailable)
rNeg     + . .     Faith    .   a - +0 robe
rPois    ∞         Spirit   .   (no helmet)
rElec    +         Reflect  .   (no cloak)
rCorr    .         Harm     .   (no gloves)
MR       .....                  x - +0 pair of boots
Stlth    ++........             (no amulet)
HPRegen  0.15/turn              w - +1 ring of protection
MPRegen  0.14/turn              k - +4 ring of intelligence

@: corroded
A: negative energy resistance 1, electricity resistance, unbreathing,
petrification resistance, rot immunity, AC +5
a: no special abilities


You were on level 6 of the Dungeon.
You were very hungry.

You visited 1 branch of the dungeon, and saw 6 of its levels.

You collected 118 gold pieces.

Inventory:

Hand Weapons
 d - a +0 short sword
 s - a +3 hand crossbow of freezing
 t - a +2 halberd of flaming (weapon)
Armour
 a - a +0 robe (worn)
 x - a +0 pair of boots (worn)
Jewellery
 j - an uncursed ring of ice
 k - a +4 ring of intelligence (right hand)
 v - a +3 ring of dexterity
 w - a +1 ring of protection (left hand)
Scrolls
 e - 3 scrolls of remove curse
 f - 2 scrolls of fog
 l - a scroll of enchant armour
 m - 3 scrolls of identify
 o - a scroll of random uselessness
 q - a scroll of enchant weapon {unknown}
 r - 3 scrolls of blinking {unknown}
 u - a scroll of teleportation {unknown}
 y - a scroll of magic mapping {unknown}
Potions
 b - a potion of berserk rage
 g - 2 potions of heal wounds
 h - 5 potions of curing {unknown}
 i - 2 potions of cancellation {unknown}
 n - a potion of flight {unknown}
 p - 3 potions of lignification {unknown}
Comestibles
 c - 10 rations


   Skills:
 + Level 3.5 Fighting
 - Level 1.5 Dodging
 - Level 2.1 Stealth
 * Level 4.9 Spellcasting
 * Level 5.5 Conjurations
 * Level 5.6 Fire Magic


You had 6 spell levels left.
You knew the following spells:

 Your Spells              Type           Power        Failure   Level  Hunger
a - Flame Tongue          Conj/Fire      ####.        1%          1    None
b - Throw Flame           Conj/Fire      ####..       1%          2    None
c - Conjure Flame         Conj/Fire      ####....     3%          3    ##.....
d - Sticky Flame          Conj/Fire      ####....     11%         4    ####...

Your spell library contained the following spells:

 Spells                   Type           Power        Failure   Level  Hunger
 Shock                    Conj/Air       ###.         3%          1    None
 Inner Flame              Hex/Fire       ###.....     10%         3    ##.....
 Static Discharge         Conj/Air       ###.....     10%         3    ##.....
 Animate Skeleton         Necr           N/A          11%         1    None
 Apportation              Tloc           #.....       11%         1    None
 Confusing Touch          Hex            #.....       11%         1    None
 Summon Small Mammal      Summ           #...         11%         1    None
 Swiftness                Chrm/Air       #.......     16%         2    None
 Fireball                 Conj/Fire      ####......   28%         5    #####..
 Lightning Bolt           Conj/Air       ###.......   67%         5    #####..
 Airstrike                Air            #.........   71%         4    ####...


Dungeon Overview and Level Annotations

Branches:
Dungeon (6/15)
 Temple: D:4-7

Altars:
Uskayaw


Innate Abilities, Weirdness & Mutations

You are resistant to torment.
Your stone body is resilient. (AC +5)
You are immune to poison.
You resist negative energy. (rN+)
You are resistant to electric shocks. (rElec)
You can survive without breathing.
You are immune to petrification.
You are immune to rotting.


Message History

The crimson imp misses you. The crimson imp hits you.
You slash the crimson imp!
The crimson imp is almost dead.
The crimson imp barely misses you.
You hit the crimson imp but do no damage.
The crimson imp is severely wounded.
The crimson imp hits you.
The crimson imp blinks!
The crimson imp blinks!
Casting: Flame Tongue (safe; 1% risk of failure)
Confirm with . or Enter, or press ? or * to list all spells.
You can't see any susceptible monsters within range! (Use Z to cast anyway.)
The crimson imp blinks!
You are no longer corroded.
The crimson imp zaps a wand.
The bolt of acid misses you.
The crimson imp blinks!
The crimson imp zaps a wand.
The bolt of acid misses you.
The crimson imp zaps a wand.
The bolt of acid hits you!
* * * LOW HITPOINT WARNING * * *
The acid corrodes you!
You are splashed with acid!!
You die...

##.####..######≈♣ ≈≈≈≈≈≈≈
...............≈♣≈≈≈≈≈≈≈≈
.......(......>♣≈≈≈≈≈≈≈≈≈
...............≈PP≈≈≈≈≈≈≈
...............≈≈≈≈≈≈≈≈≈≈
...####..##..##♣≈≈≈≈≈≈≈≈≈
... ##..##..# ♣≈≈≈≈≈≈≈≈
.. ....5....##♣PP≈≈≈≈≈≈≈
.......(.@.♣♣≈≈≈≈≈≈≈≈
.............♣≈≈≈≈≈≈≈≈
..######.###.≈≈≈≈≈≈≈≈≈ #.
#####.♣♣♣≈≈≈≈≈≈ ... #...♣
≈≈≈P≈ .... #...# P≈≈P
#.... ##..# ≈P♣
#.....##..# P≈
#......<..#


P You could see a crimson imp.

Vanquished Creatures
  A sky beast (D:4)
  An ice beast (D:6)
  A phantom (D:6)
  A necrophage (D:5)
  A centaur (D:5)
  A scorpion (D:5)
  2 electric eels (D:6)
  A jelly (D:6)
  An orc priest (D:5)
  A bullfrog skeleton (D:5)
  4 orc wizards (D:5)
  2 worker ants
  A hound skeleton (D:5)
  A howler monkey zombie (D:6)
  7 gnolls
  8 adders
  2 shadow imps (D:5)
  2 adder skeletons
  A worm (D:3)
  A dart slug (D:2)
  2 leopard geckos
  11 orcs
  10 bats
  2 giant cockroaches
  6 goblins
  6 hobgoblins
  6 jackals
  8 kobolds
  A quokka (D:3)
  3 ball pythons
  6 frilled lizards
  A giant cockroach zombie (D:5)
  7 rats
109 creatures vanquished.

Vanquished Creatures (others)
  A scorpion (D:6)
  A killer bee (D:6)
  An orc (D:6)
  A quokka (D:6)
4 creatures vanquished.

Grand Total: 113 creatures vanquished

Notes
Turn   | Place    | Note
-------+----------+-------------------------------------------
     0 | D:1      | mortelune the Gargoyle Fire Elementalist began the quest
                  | for the Orb.
     0 | D:1      | Reached XP level 1. HP: 10/10 MP: 3/3
   126 | D:1      | Reached XP level 2. HP: 8/15 MP: 0/5
   142 | D:1      | Learned a level 2 spell: Throw Flame
   778 | D:1      | Reached XP level 3. HP: 14/20 MP: 0/6
  1890 | D:2      | Reached skill level 1 in Fighting
  1931 | D:2      | Found a faded altar of an unknown god.
  2493 | D:3      | Learned a level 3 spell: Conjure Flame
  2611 | D:3      | Reached XP level 4. HP: 25/25 MP: 2/8
  3540 | D:3      | Reached XP level 5. HP: 25/29 MP: 5/9
  4220 | D:4      | Learned a level 4 spell: Sticky Flame
  4640 | D:5      | Entered Level 5 of the Dungeon
  4740 | D:5      | Reached XP level 6. HP: 28/35 MP: 0/11
  4849 | D:5      | Noticed a sky beast
  4989 | D:4      | Killed a sky beast
  5519 | D:5      | Reached XP level 7. HP: 32/40 MP: 5/12
  5584 | D:5      | Found a hide-covered altar of Uskayaw.
  6512 | D:5      | Reached skill level 5 in Fire Magic
  6908 | D:5      | Reached skill level 5 in Conjurations
  7141 | D:6      | Reached XP level 8. HP: 45/46 MP: 5/15
  7359 | D:6      | Splashed by a crimson imp's acid

Levels and vault maps discovered:
D:1:      dpeg_arrival_three_same_balls, layout_rooms,
          chequers_serial_rivers_small_b
D:2:      layout_loops_cross, chequers_ecumenical_altar_simple_redux
D:3:      minmay_octagon_keep, layout_loops_ring, first_ration
D:4:      layout_loops_ring
D:5:      layout_loops_ring, eat_drink_and_be_merry_uskayaw
D:6:      layout_gridville, xom_confusion_cloud, serial_bayou,
          serial_bayou_lake_a, serial_bayou_crossing, serial_bayou_shore_b,
          serial_bayou_shore_b, ashenzari_altar_1

Skill      XL: |  1  2  3  4  5  6  7 |
---------------+----------------------+-----
Conjurations   | 2 3 4 5 |  5.5
Fighting       | 1 2 3 |  3.5
Spellcasting   | 3 4 |  4.9
Fire Magic     | 4 5 |  5.6
Dodging        | |  1.5
Stealth        | |  2.1

Action                   |  1- 3 |  4- 6 |  7- 9 || total
-------------------------+-------+-------+-------++-------
Melee: Short sword       |    34 |    34 |     3 ||    71
       Halberd           |       |       |    14 ||    14
 Cast: Flame Tongue      |    16 |    51 |    32 ||    99
       Throw Flame       |    29 |    51 |    37 ||   117
       Sticky Flame      |       |     1 |     2 ||     3
       Conjure Flame     |       |       |     1 ||     1
  Use: Scroll            |     6 |       |       ||     6
  Eat: Chunk             |     7 |     9 |     4 ||    20
       Ration            |       |     1 |       ||     1
Armor: Robe              |    30 |    32 |    10 ||    72
Dodge: Dodged            |    32 |    27 |    20 ||    79
